 Dungeon Crawl Stone Soup version 0.28.0 (webtiles) character file.

Game seed: 15037257922309790103

2 jlumianski the Firebug (level 1, 0/14 HPs)
             Began as a Hill Orc Fire Elementalist on Feb 18, 2022.
             Slain by a ball python (2 damage)
             ... on level 1 of the Dungeon.
             The game lasted 00:02:05 (158 turns).

jlumianski the Firebug (Hill Orc Fire Elementalist)  Turns: 158, Time: 00:02:05

Health: 0/14       AC:  2    Str: 10    XL:     1   Next: 40%
Magic:  1/3        EV: 12    Int: 15    God:
Gold:   11         SH:  0    Dex: 11    Spells: 2/3 levels left

rFire   . . .      SeeInvis .   (no weapon)
rCold   . . .      Faith    .   (no shield)
rNeg    . . .      Spirit   .   a - +0 robe
rPois   .          Reflect  .   (no helmet)
rElec   .          Harm     .   (no cloak)
rCorr   .          Rampage  .   (no gloves)
Will    .....                   (no boots)
Stlth   ++........              (no amulet)
HPRegen 0.04/turn               (no ring)
MPRegen 0.08/turn               (no ring)

@: no status effects
A: no striking features
a: no special abilities


You were on level 1 of the Dungeon.
You visited 1 branch of the dungeon, and saw 1 of its levels.

You collected 11 gold pieces.

Inventory:

Missiles
 b - 5 poisoned darts
 d - 4 bolts
Armour
 a - a +0 robe (worn)
Scrolls
 e - a scroll of identify {unknown}
Potions
 c - a potion of curing {unknown}


   Skills:
 + Level 1.5 Dodging
 + Level 1.7 Stealth
 + Level 1.6 Spellcasting
 + Level 1.0 Conjurations
 + Level 3.3 Fire Magic


You had 2 spell levels left.
You knew the following spells:

 Your Spells              Type           Power      Damage    Failure   Level
a - Foxfire               Conj/Fire      28%        2x1d5     10%         1

Your spell library contained the following spells:

 Spells                   Type           Power      Damage    Failure   Level
 Scorch                   Fire           22%        2d6       9%          2
 Conjure Flame            Conj/Fire      7%         6-21      28%         3
 Inner Flame              Hex/Fire       6%         N/A       34%         3
 Flame Wave               Conj/Fire      7%         2d5       67%         4


Dungeon Overview and Level Annotations

Branches:
Dungeon (1/15)

Altars:


Message History

You conjure some foxfire!
The jackal closely misses you. The jackal barely misses you.
The jackal bites you.
You barely miss the jackal.
The foxfire hits the jackal.
The jackal is heavily wounded.
The foxfire hits the jackal.
You kill the jackal!
The jackal bites you.
Casting: Foxfire (safe; 10% risk of failure)
Confirm with . or Enter, or press ? or * to list all spells.
You miscast Foxfire.
You are very lightly contaminated with residual magic.
Nothing appears to happen.
The jackal bites you.
The jackal bites you but does no damage.
Casting: Foxfire (safe; 10% risk of failure)
Confirm with . or Enter, or press ? or * to list all spells.
You conjure some foxfire!
The jackal bites you.
* * * LOW HITPOINT WARNING * * *
The foxfire hits the jackal.
The jackal is heavily wounded.
The foxfire hits the jackal but does no damage.
The jackal is heavily wounded.
The jackal closely misses you. The jackal barely misses you.
Your magical contamination has completely faded away.
A bat comes into view.
The bat closely misses you. The jackal barely misses you.
The bat closely misses you. The bat misses you. The bat closely misses you.
A ball python comes into view.
Found 6 gold pieces.
The ball python hisses angrily.
The bat hits you but does no damage. The bat closely misses you.
The jackal misses you. The bat hits you but does no damage.
The ball python closely misses you. x2
The ball python bites you.
* * * LOW HITPOINT WARNING * * *
The ball python barely misses you. The ball python bites you.
You die...

#.# #.# ..# #.# #.# #.#
#.# #.######.## #.#
#.... ...# #.# ##..#
#..# #^# #...#####..#
#.# ...........####S####
.†.............h@..#
###..####......b##...$..
# #..# ######### ##### #
#..# ###..# .....#
....## .#.#.## ..###.##


You could see a jackal, a bat and a ball python.

Vanquished Creatures
  A jackal (D:1)
  2 rats (D:1)
3 creatures vanquished.

Vanquished Creatures (others)
  7 foxfires (D:1)
7 creatures vanquished.

Grand Total: 10 creatures vanquished

Notes
Turn   | Place    | Note
-------+----------+-------------------------------------------
     0 | D:1      | jlumianski the Hill Orc Fire Elementalist began the quest
                  | for the Orb.
     0 | D:1      | Reached XP level 1. HP: 14/14 MP: 3/3
   158 | D:1      | Slain by a ball python

Illustrated notes

Levels and vault maps discovered:
D:1:      lightli_arrival_maybe_door_vault, layout_loops_ring, serial_shops,
          nicolae_square_shop, st_stairs_10, minivault_14

Action                   || total
-------------------------++-------
Melee: Unarmed           ||     3
 Cast: Foxfire           ||     4
 Stab: Sleeping          ||     1
Armor: Robe              ||     3
Dodge: Dodged            ||    18
